 Seeded DCSS version 0.28.0-47-ge53b351184 (webtiles) character file.

Game seed: 20220428 (custom seed)

10037 Lambsauce the Cleaver (level 11, -12/97 HPs)
             Began as a Minotaur Fighter on Apr 28, 2022.
             Mangled by a black mamba (14 damage)
             ... on level 2 of the Lair of Beasts.
             The game lasted 00:28:34 (10487 turns).

Lambsauce the Cleaver (Minotaur Fighter)           Turns: 10487, Time: 00:28:35

Health: -12/97     AC: 15    Str: 35    XL:     11   Next: 30%
Magic:  10/10      EV: 12    Int:  7    God:
Gold:   579        SH:  7    Dex: 10    Spells: 7/10 levels left

rFire   . . .      SeeInvis .   w - +8 Vampire's Tooth {vamp}
rCold   . . .      Faith    .   G - +2 buckler
rNeg    . . .      Spirit   .   I - +6 scale mail of Twilight {Str+6}
rPois   +          Reflect  .   (helmet unavailable)
rElec   .          Harm     .   (no cloak)
rCorr   .          Rampage  .   (no gloves)
Will    +....                   e - +0 pair of boots
Stlth   +.........              (no amulet)
HPRegen 0.26/turn               f - +6 ring of strength
MPRegen 0.12/turn               i - ring of wizardry

@: no status effects
A: horns 3, retaliatory headbutt, strong-willed 1, poison resistance
a: no special abilities


You were on level 2 of the Lair of Beasts.
You visited 2 branches of the dungeon, and saw 11 of its levels.

You collected 579 gold pieces.

Inventory:

Hand Weapons
 a - a +3 war axe
 j - a +1 dagger of venom
 v - a +4 morningstar of protection
 w - the +8 Vampire's Tooth (weapon) {vamp}
   (You found it on level 6 of the Dungeon)

   It occasionally heals its wielder for the full amount of damage dealt when it
   wounds a living foe.
 E - the +7 falchion "Doishach" {chaos, rC+}
   (You found it on level 9 of the Dungeon)

   Each time it hits an enemy it has a different, random effect.
   rC:        It protects you from cold.
 H - a +2 demon trident of flaming
Armour
 b - a +0 scale mail
 c - a +0 buckler
 e - a +0 pair of boots (worn)
 g - a +0 robe of willpower
 z - a +3 ring mail
 G - a +2 buckler (worn)
 I - the +6 scale mail of Twilight (worn) {Str+6}
   (You found it on level 1 of the Lair of Beasts)

   Str:       It affects your strength (+6).
Jewellery
 f - a +6 ring of strength (left hand)
 i - a ring of wizardry (right hand)
 o - a ring of magical power
 p - a ring of ice
 t - a ring of positive energy
 u - a ring of protection from fire
 J - a ring of willpower
Wands
 l - a wand of charming (8) (quivered)
 A - a wand of flame (6)
 B - a wand of iceblast (5)
Scrolls
 h - 2 scrolls of fog
 k - a scroll of vulnerability
 n - 3 scrolls of amnesia
 r - 2 scrolls of teleportation
 y - 5 scrolls of noise
 C - a scroll of silence
 D - a scroll of holy word
Potions
 d - 5 potions of might
 m - 4 potions of curing
 q - 3 potions of berserk rage
 s - 2 potions of brilliance
 x - a potion of magic


   Skills:
 + Level 9.5 Fighting
 + Level 9.0 Short Blades
 + Level 10.5 Axes
 + Level 9.2 Armour
 + Level 5.6 Dodging
 + Level 3.6 Stealth
 + Level 7.4 Shields
 + Level 0.3 Spellcasting
 + Level 0.3 Hexes
 + Level 0.2 Summonings


You had 7 spell levels left.
You knew the following spells:

 Your Spells              Type           Power      Damage    Failure   Level
a - Summon Guardian Gole  Hex/Summ       0%         N/A       67%         3

Your spell library contained the following spells:

 Spells                   Type           Power      Damage    Failure   Level
 Summon Small Mammal      Summ           0%         N/A       32%         1
 Animate Skeleton         Necr           0%         N/A       34%         1
 Apportation              Tloc           0%         N/A       34%         1
 Ensorcelled Hibernation  Hex/Ice        0%         N/A       45%         2
 Call Canine Familiar     Summ           0%         N/A       67%         3
 Portal Projectile        Hex/Tloc       0%         N/A       69%         3
 Spider Form              Tmut/Pois      0%         N/A       71%         3
 Stone Arrow              Conj/Erth      0%         3d7       71%         3
 Anguish                  Hex/Necr       0%         N/A       96%         4
 Fulminant Prism          Conj/Hex       0%         3d6       96%         4
 Leda's Liquefaction      Hex/Erth       0%         N/A       96%         4
 Animate Armour           Summ/Erth      0%         N/A       97%         4
 Iskenderun's Mystic Bla  Conj/Tloc      0%         2d3       97%         4
 Lee's Rapid Deconstruct  Erth           0%         3d5*      100%        5
 Lehudib's Crystal Spear  Conj/Erth      0%         10d2      100%        8


Dungeon Overview and Level Annotations

Branches:
Dungeon (9/15)             Temple (0/1) D:7            Lair (2/6) D:9
  Swamp: Lair:2-4    Shoals: Lair:2-4     Snake: Lair:2-4    Spider: Lair:2-4
    Orc: D:9-12

Altars:
Ashenzari
Cheibriados
Dithmenos
Elyvilon
Fedhas
Gozag
Hepliaklqana
Kikubaaqudgha
Makhleb
Nemelex Xobeh
Okawaru
Qazlal
Wu Jian
Lugonu

Shops:
D:1 *

Portals:
Abyss: Lair:1


Innate Abilities, Weirdness & Mutations

You have a pair of large horns on your head.
You reflexively headbutt those who attack you in melee.
You are strong-willed. (Will+)
Your system is resistant to poisons. (rPois)


Message History

* * * LOW HITPOINT WARNING * * *
Found a flail and a trident.
Found a scroll of identify.
Found a potion of degeneration.
Found an escape hatch in the ceiling.
The yak snorts and paws the ground.
You see here a scroll of identify.
Found an escape hatch in the floor.
Found 5 stones.
Found a ring mail.
You barely miss the seven-headed hydra.
A cane toad comes into view.
You start to feel less resistant.
You see here 5 stones.
You block the cane toad's attack. You block the cane toad's attack.
Your resistance to elements expires.
The cane toad stings you but does no damage.
A black mamba comes into view.
The black mamba hisses angrily.
You block the cane toad's attack.
Found a book of Misfortune.
The black mamba bites you but does no damage.
The black mamba bites you.
* * * LOW HITPOINT WARNING * * *
You hit the black mamba.
The black mamba is lightly wounded.
The cane toad stings you but does no damage.
You closely miss the black mamba.
The black mamba is lightly wounded.
The black mamba closely misses you. You block the black mamba's attack.
You block the black mamba's attack. The black mamba barely misses you.
The black mamba bites you.
* * * LOW HITPOINT WARNING * * *
The black mamba bites you.
* * * LOW HITPOINT WARNING * * *
You block the yak's attack. The komodo dragon barely misses you.
Found a chain mail.
The black mamba bites you!
You die...

... #..###
.#....# ..#.:..
#......
.......####
[......#..#
.....P.@..####
......##SD...##
.....
#.lFY...## ...#
#........# ..
#####....## #
#.....##
#......# #...
##.....######
.....#^.#...
####
#.#...(....#


You could see a seven-headed hydra, a komodo dragon, a black mamba, a yak and a
cane toad.

Vanquished Creatures
  Fannar (Lair:1)
  A hydra (Lair:1)
  Urug (Lair:1)
  Joseph (D:8)
  Maggie (Lair:1)
  A cane toad (Lair:1)
  A komodo dragon (Lair:2)
  3 nameless horrors
  2 basilisks (Lair:1)
  4 wyverns (D:9)
  5 yaks (D:9)
  8 water moccasins
  Duvessa (D:7)
  2 orc warriors (D:8)
  2 black bears
  3 necrophages
  4 ice beasts
  2 sky beasts
  5 ogres
  2 phantoms (D:6)
  3 wolves (D:9)
  4 centaurs
  2 kobold brigands (D:7)
  7 bullfrogs
  5 scorpions
  A water moccasin zombie (D:6)
  2 wyvern skeletons
  Dowan (D:7)
  A wight (D:6)
  2 howler monkeys
  2 bullfrog zombies (D:6)
  4 centaur zombies
  A jelly (D:5)
  2 orc priests
  4 hounds
  A bullfrog skeleton (D:6)
  3 iguanas
  3 iron imps (D:9)
  Jessica (D:3)
  A centaur skeleton (D:6)
  6 orc wizards
  A killer bee zombie (D:7)
  A hound skeleton (D:5)
  Robin (D:3)
  A howler monkey zombie (D:6)
  5 gnolls
  12 adders
  A howler monkey skeleton (D:6)
  A white imp (D:6)
  3 worms
  A dart slug (D:4)
  21 orcs
  15 ball pythons
  9 endoplasms
  5 giant cockroaches
  20 goblins
  12 hobgoblins
  3 jackals (D:3)
  16 kobolds
  3 quokkas
  8 bats
  3 frilled lizards (D:1)
  4 rats
252 creatures vanquished.

Vanquished Creatures (others)
  A lurking horror (Lair:1)
  9 plants
  2 withered plants (D:6)
12 creatures vanquished.

Grand Total: 264 creatures vanquished

Notes
Turn   | Place    | Note
-------+----------+-------------------------------------------
     0 | D:1      | Lambsauce the Minotaur Fighter began the quest for the Orb.
     0 | D:1      | Reached XP level 1. HP: 19/19 MP: 0/0
    95 | D:1      | Found a faded altar of an unknown god.
   152 | D:1      | Reached XP level 2. HP: 27/27 MP: 1/1
   222 | D:1      | Found Lurinwot's General Store.
   955 | D:2      | Reached XP level 3. HP: 23/33 MP: 2/2
  1406 | D:2      | Reached skill level 3 in Axes
  1406 | D:2      | Reached XP level 4. HP: 33/41 MP: 3/3
  2021 | D:3      | Found a shadowy altar of Dithmenos.
  2022 | D:3      | Noticed Jessica
  2031 | D:3      | Killed Jessica
  2032 | D:3      | Reached XP level 5. HP: 47/47 MP: 4/4
  2066 | D:3      | Reached skill level 4 in Axes
  2127 | D:3      | Gained mutation: Your spells are a little easier to cast,
                  | but a little less powerful. [potion of mutation]
  2340 | D:3      | Found an ornate altar of the Wu Jian Council.
  2340 | D:3      | Found an ancient bone altar of Kikubaaqudgha.
  2341 | D:3      | Found a hazy altar of Hepliaklqana.
  2633 | D:3      | Reached skill level 1 in Dodging
  2683 | D:3      | Noticed Robin
  2709 | D:3      | Killed Robin
  2952 | D:3      | Lost mutation: Your spells are a little easier to cast, but
                  | a little less powerful. [potion of mutation]
  2952 | D:3      | Gained mutation: You have a pair of large horns on your
                  | head. [potion of mutation]
  2952 | D:3      | Gained mutation: You are strong-willed. (Will+) [potion of
                  | mutation]
  2952 | D:3      | Gained mutation: Your system is resistant to poisons.
                  | (rPois) [potion of mutation]
  3220 | D:4      | Reached XP level 6. HP: 55/55 MP: 5/5
  3308 | D:4      | Reached skill level 5 in Fighting
  3308 | D:4      | Reached skill level 5 in Axes
  3449 | D:4      | Found a sparkling altar of Nemelex Xobeh.
  3504 | D:4      | Reached skill level 5 in Armour
  3589 | D:4      | Reached skill level 6 in Axes
  3622 | D:4      | Learned a level 3 spell: Summon Guardian Golem
  3763 | D:4      | Noticed a nameless horror
  3768 | D:4      | Killed a nameless horror
  3913 | D:4      | Reached skill level 5 in Shields
  3913 | D:4      | Reached XP level 7. HP: 60/61 MP: 6/6
  4052 | D:5      | Entered Level 5 of the Dungeon
  4230 | D:5      | Noticed a nameless horror
  4232 | D:5      | Killed a nameless horror
  4393 | D:5      | Noticed a nameless horror
  4397 | D:5      | Killed a nameless horror
  4646 | D:5      | Reached skill level 7 in Axes
  5163 | D:5      | Reached skill level 8 in Axes
  5163 | D:5      | Reached XP level 8. HP: 53/69 MP: 7/7
  5475 | D:6      | Found a broken altar of Ashenzari.
  5659 | D:6      | Found an iron altar of Okawaru.
  5725 | D:6      | Reached skill level 9 in Axes
  5864 | D:6      | Reached XP level 9. HP: 50/78 MP: 8/8
  6029 | D:6      | Reached skill level 10 in Axes
  6101 | D:6      | Found the +8 Vampire's Tooth {vamp}
  6254 | D:6      | Found a snail-covered altar of Cheibriados.
  6336 | D:7      | Found an opulent altar of Gozag.
  6367 | D:7      | Reached skill level 1 in Short Blades
  6455 | D:7      | Found a staircase to the Ecumenical Temple.
  6517 | D:7      | Noticed Dowan
  6519 | D:7      | Noticed Duvessa
  6525 | D:7      | Killed Dowan
  6526 | D:7      | Reached skill level 1 in Stealth
  6531 | D:7      | Killed Duvessa
  7238 | D:8      | Reached skill level 5 in Short Blades
  7522 | D:8      | Noticed Joseph
  7538 | D:8      | Killed Joseph
  7539 | D:8      | Reached XP level 10. HP: 81/88 MP: 9/9
  7654 | D:8      | Found a stormy altar of Qazlal.
  8376 | D:9      | Found a burning altar of Makhleb.
  8508 | D:9      | Found a staircase to the Lair.
  8727 | D:9      | Found a white marble altar of Elyvilon.
  8752 | D:9      | Found a blossoming altar of Fedhas.
  8780 | D:9      | Identified the +7 falchion "Doishach" {chaos, rC+}
  9110 | D:9      | Found a flagged portal.
  9390 | Lair:1   | Entered Level 1 of the Lair of Beasts
  9426 | Lair:1   | Noticed Urug
  9436 | Lair:1   | Killed Urug
  9448 | Lair:1   | Found a corrupted altar of Lugonu.
  9455 | Lair:1   | Identified the +6 scale mail of Twilight {Str+6}
  9472 | Lair:1   | Found a one-way gate to the infinite horrors of the Abyss.
  9693 | Lair:1   | Noticed Fannar
  9723 | Lair:1   | Killed Fannar
  9724 | Lair:1   | Reached skill level 5 in Dodging
  9724 | Lair:1   | Reached XP level 11. HP: 66/97 MP: 10/10
  9908 | Lair:1   | Noticed a seven-headed hydra
  9912 | Lair:1   | Killed a seven-headed hydra
  9938 | Lair:1   | Noticed Maggie
  9949 | Lair:1   | Killed Maggie
 10405 | Lair:2   | Noticed a seven-headed hydra
 10442 | Lair:2   | HP: 2/97 [komodo dragon (8)]
 10486 | Lair:2   | HP: 1/97 [black mamba (4)]
 10487 | Lair:2   | Mangled by a black mamba

Illustrated notes

Levels and vault maps discovered:
D:1:      tarquinn_simple_flora_water_e, layout_loops_ring, serial_forest,
          infiniplex_forest_end_2, infiniplex_forest_clump_curved,
          infiniplex_forest_clump_small, infiniplex_forest_end_double,
          infiniplex_forest_clump_C, infiniplex_forest_corner_2,
          infiniplex_forest_corner_1, infiniplex_forest_clump_small,
          serial_shops, nicolae_shop_temple_entry_statues_fountains,
          basic_ecumenical_altar, minmay_misc_feat_rugged
D:2:      layout_loops_ring
D:3:      kennysheep_goblin_castle, layout_rooms, grunt_dithmenos_smoke,
          gammafunk_temple_overflow_claw, minmay_pentangle, uniq_robin,
          uniq_jessica
D:4:      layout_loops_cross, nemelex_spade_bored_becter, grunt_ministairs_2,
          chequers_serial_rivers_small_3
D:5:      layout_loops_ring, st_stairs_13, saegor_snake_ambush
D:6:      layout_cave_pools, general_overflow_altar, kennysheep_mini,
          ashenzari_altar_1, serial_undead, serial_undead_f, serial_undead_d,
          serial_undead_b, serial_undead_a, minmay_fractal_squares_diagonal_5
D:7:      layout_rooms, nicolae_gozag_cash_rules_everything_around_me,
          minmay_temple_entry_mini_moons, uniq_duvessa
D:8:      minmay_spotlight, layout_layer_cave, nicolae_qazlal_eye_of_the_storm,
          uniq_joseph
D:9:      layout_roguey, mainiacjoe_overflow_paths, overflow_temple_1_default,
          demons_altar, minmay_lair_entry_grove, enter_bailey_6,
          serial_corexii_hall, chequers_hall_statues_wall_a,
          chequers_hall_statues_corner_a
Lair:1:   layout_roguey, amcnicky_altar_lugonu_corruption, grunt_megastairs_1,
          uniq_fannar, uniq_urug, uniq_maggie
Lair:2:   regret_index_combs_of_tragedy, layout_misc_corridors,
          gammafunk_ghost_split

Skill      XL: |  1  2  3  4  5  6  7  8  9 10 11 |
---------------+----------------------------------+-----
Armour         | 4 5 6 7 8 9 |  9.2
Fighting       | 4 5 6 7 9 |  9.5
Shields        | 4 5 6 7 |  7.4
Axes           | 3 4 6 8 9 10 | 10.5
Dodging        | 1 2 3 5 |  5.6
Short Blades   | 5 8 9 |  9.0
Stealth        | 2 3 |  3.6
Spellcasting   | |  0.3
Hexes          | |  0.3
Summonings     | |  0.2

Action                   |  1- 3 |  4- 6 |  7- 9 | 10-12 || total
-------------------------+-------+-------+-------+-------++-------
Melee: War axe           |    73 |   146 |   131 |       ||   350
       Headbutt          |     6 |    22 |    52 |    58 ||   138
       Quick blade       |       |       |   129 |   262 ||   391
 Cast: Summon Guardian G |       |       |     1 |       ||     1
  Use: Scroll            |     2 |     3 |     8 |     2 ||    15
       Potion            |     5 |     4 |     3 |     3 ||    15
 Stab: Invisible         |       |       |     6 |       ||     6
Armor: Scale mail        |    30 |    82 |    87 |    29 ||   228
       Ring mail         |       |       |       |    28 ||    28
Dodge: Dodged            |    35 |   101 |   112 |    59 ||   307
Block: Buckler           |    14 |    37 |    51 |    52 ||   154
